 Dungeon Sprint DCSS version 0.14-a0-770-g009d3a2 (webtiles) character file.

5130 Bloax the Nimble (level 10, -1/48 HPs)
             Began as a Spriggan Transmuter on Nov 9, 2013.
             Was the Champion of Cheibriados.
             Slain by a merfolk impaler
             ... wielding the +3,+8 hand axe "Twi Trem" {drain, rN+}
              (12 damage)
             ... in the Dungeon (Sprint V: "Ziggurat Sprint").
             The game lasted 00:09:02 (348 turns).

Bloax the Nimble (Spriggan Transmuter)               Turns: 348, Time: 00:09:02

HP  -1/48        AC 17     Str 35      XL: 10   Next: 33%
MP  27/27        EV 28     Int 30      God: Cheibriados [******]
Gold 0           SH  0     Dex 33      Spells:  3 memorised, 15 levels left

Res.Fire  : . . .   See Invis. : +   E - +4 lajatang (vamp) {!w}
Res.Cold  : . . .   Warding    : .   k - +5 storm dragon armour
Life Prot.: . . .   Conserve   : .   (shield restricted)
Res.Poison: .       Res.Corr.  : .   (helmet restricted)
Res.Elec. : +       Clarity    : .   (no cloak)
Sust.Abil.: . .     Spirit.Shd : .   (gloves unavailable)
Res.Mut.  : .       Prev.Telep.: +   (boots unavailable)
Res.Rott. : .       Flight     : .   (no amulet)
Saprovore : . . .                    r - +6 ring of strength
                                     q - +6 ring of strength

@: mesmerised, very slightly contaminated, drained, very slow, quite resistant
to hostile enchantments, extremely unstealthy
A: unfitting armour, see invisible, herbivore 3, speed 3, slow metabolism 2
a: Bend Time, Temporal Distortion, Slouch, Step From Time, Renounce Religion


You were in the Dungeon.
You worshipped Cheibriados.
Cheibriados was exalted by your worship.
You were not hungry.

You visited 1 branch


Innate Abilities, Weirdness & Mutations

You are tiny and cannot use many weapons and most armour.
You have supernaturally acute eyesight.
You are a herbivore.
You cover ground extremely quickly.
You need consume almost no food.


   Skills:
 - Level 3.7(3.1) Fighting
 * Level 11.0(10.3) Staves
 + Level 6.8(6.2) Armour
 - Level 13.0(12.3) Dodging
 - Level 4.5(3.9) Unarmed Combat
 - Level 6.1(5.5) Spellcasting
 - Level 6.3(5.7) Charms
 - Level 4.7(4.1) Translocations
 - Level 6.6(6.0) Transmutations
 - Level 10.1(9.4) Invocations
 + Level 8.8(8.1) Evocations


You had 15 spell levels left.
You knew the following spells:

 Your Spells              Type           Power        Failure   Level  Hunger
a - Beastly Appendage     Trmt           #####.       2%          1    None
b - Regeneration          Chrm/Necr      ####......   28%         3    None
c - Blink                 Tloc           N/A          10%         2    None


Dungeon Overview and Level Annotations

Branches:
Dungeon (1/1)

Altars:
Ashenzari
Cheibriados
Elyvilon
Fedhas
Kikubaaqudgha
Makhleb
Nemelex Xobeh
Okawaru
Sif Muna
Trog
Vehumet
Xom
Yredelemnul
Zin
the Shining One
Beogh
Jiyva
Lugonu

Inventory:

Hand weapons
 E - a +4,+4 vampiric lajatang (weapon) {!w}
   (You took it off a wight in the Dungeon)
Missiles
 b - 12 arrows
Armour
 k - a +5 storm dragon armour (worn)
   (You found it in the Dungeon)
Magical devices
 A - a wand of disintegration (7)
   (You found it in the Dungeon)
 B - a wand of fire (2)
   (You found it in the Dungeon)
 C - a wand of cold (1)
   (You found it in the Dungeon)
 D - a wand of draining (0)
   (You found it in the Dungeon)
Comestibles
 w - 32 strawberries
 x - 4 bread rations
Scrolls
 j - 3 scrolls of blinking
 p - 4 scrolls of amnesia
 s - 3 scrolls of recharging
 t - 6 scrolls of fog
 u - 5 scrolls of identify
 v - 5 scrolls of remove curse
 z - a scroll of holy word
Jewellery
 m - the amulet "Sanidaog" {rCorr Str-4}
   (You found it in the Dungeon)

   [amulet of resist corrosion]

   It affects your strength (-4).
 q - a +6 ring of strength (left hand)
   (You found it in the Dungeon)
 r - a +6 ring of strength (right hand)
   (You found it in the Dungeon)
Potions
 a - a potion of porridge
 c - 2 potions of brilliance
 e - 7 potions of curing
 f - 5 potions of heal wounds
 g - a potion of invisibility
 h - 6 potions of magic
 i - 2 potions of restore abilities
 l - 4 potions of resistance
 n - 5 potions of agility
 o - 5 potions of might
Books
 d - a book of Changes

   Spells                             Type                      Level
   *Beastly Appendage                 Transmutation                1
   Sticks to Snakes                   Transmutation                2
   Spider Form                        Transmutation/Poison         3
   Ice Form                           Ice/Transmutation            4
   Blade Hands                        Transmutation                5
 F - a book of Necromancy
   (You found it in the Dungeon)

   Spells                             Type                      Level
   Pain                               Necromancy                   1
   Animate Skeleton                   Necromancy                   1
   Lethal Infusion                    Charms/Necromancy            2
   Vampiric Draining                  Necromancy                   3
   *Regeneration                      Charms/Necromancy            3
   Animate Dead                       Necromancy                   4
   Control Undead                     Necromancy                   4
 J - a book of Minor Magic
   (You found it in the Dungeon)

   Spells                             Type                      Level
   Magic Dart                         Conjuration                  1
   *Blink                             Translocation                2
   Call Imp                           Summoning                    2
   Repel Missiles                     Charms/Air                   2
   Slow                               Hexes                        2
   Conjure Flame                      Conjuration/Fire             3
   Mephitic Cloud                     Conjuration/Poison/Air       3
Miscellaneous
 G - a disc of storms
   (You found it in the Dungeon)
 H - a phial of floods
   (You found it in the Dungeon)
 I - a fan of gales
   (You found it in the Dungeon)
 K - a phial of floods
   (You found it in the Dungeon)
 L - a phial of floods
   (You found it in the Dungeon)

#......... #.........
#......... #.#.....#.
#.........
######################
#¤¤¤8¤8¤¤m#...8^8...#.
#¤¤¤|m¤¤¤¤#..[dd))..#.
#¤¤¤¤@m=¤¤#..dddd...#.
#).~mtmm|¤#...ddd...#.
#.~mm¤mmm¤#...d.....#.
#~H:¤¤¤m.~#¤........#.
#+.~}.m¤¤¤#.........#.
#.~#.(~#¤¤#.........#.
#+#..}¤~#¤#.#.....#.#.
#~~.~~(¤:.#.........##
#####################


You could see 2 merfolk impalers, a siren, 2 merfolk javelineers, a snapping
turtle, a merfolk aquamancer, a manticore, 4 merfolk and 2 mermaids.


Message History

Nothing appears to happen.
The merfolk seems to regain its courage.
Your air elemental hits the merfolk impaler.
The merfolk impaler misses you. The merfolk misses you.
The merfolk drops an uncursed staff of energy.
You hear a splash.
The merfolk picks up a runed sabre.
The merfolk wields a runed sabre.
It begins to drip with poison!
The merfolk impaler completely misses you.
The merfolk impaler hits it with the +3,+8 hand axe "Twi Trem" {drain, rN+}!
The merfolk drops an uncursed staff of fire.
The merfolk picks up a +0,+2 great mace of protection.
The merfolk wields a +0,+2 great mace of protection.
The merfolk impaler completely misses you.
The merfolk javelineer throws a javelin.
The javelin hits the snapping turtle.
You hear a splash.
The merfolk javelineer throws a steel javelin.
The steel javelin misses the merfolk.
The merfolk aquamancer gestures at the merfolk while chanting.
The ball of steam hits the merfolk.
The mermaid chants her luring song.
Unknown command.
Evoke which item? (* to show all) (? for menu, Esc to quit)
Little bolts of electricity crackle over the disc.
The merfolk impaler closely misses you.
The merfolk impaler completely misses you.
The merfolk completely misses you.
The snapping turtle completely misses you.
The merfolk impaler completely misses you.
The merfolk unwields an uncursed sabre of venom.
It stops dripping with poison.
The merfolk drops an uncursed sabre of venom.
You hear a splash.
The merfolk picks up a runed scimitar.
The merfolk wields a runed scimitar.
The merfolk impaler misses you.
Unknown command.
Unknown command.
Unknown command.
Evoke which item? (* to show all) (? for menu, Esc to quit)
Little bolts of electricity crackle over the disc.
You flicker back into view.
The merfolk impaler barely misses you.
The merfolk hits you from afar with a spear!
The merfolk completely misses you.
The merfolk impaler completely misses you.
The merfolk impaler hits you with the +3,+8 hand axe "Twi Trem" {drain, rN+}!
You feel drained.
The snapping turtle completely misses you.
The merfolk completely misses you.
The merfolk hits you but does no damage.
The mermaid chants her luring song.
The mermaid picks up an uncursed staff of energy.
The mermaid wields an uncursed staff of energy.
The siren chants her luring song.
You resist.
Unknown command.
Unknown command.
Unknown command.
Evoke which item? (* to show all) (? for menu, Esc to quit)
The disc glows for a moment, then fades.
The merfolk impaler hits you with a trident.
The merfolk impaler completely misses you.
The merfolk hits you from afar with a spear.
* * * LOW HITPOINT WARNING * * *
The merfolk impaler hits you with a trident!
* * * LOW HITPOINT WARNING * * *
The snapping turtle completely misses you.
The merfolk impaler hits you with the +3,+8 hand axe "Twi Trem" {drain, rN+}!
You die...

Action                   |  1- 3 |  4- 6 |  7- 9 | 10-12 || total
-------------------------+-------+-------+-------+-------++-------
Melee: Lajatang          |       |    44 |    41 |       ||    85
 Cast: Blink             |       |       |     4 |       ||     4
Invok: Slouch            |       |       |     8 |       ||     8
Evoke: Wand              |     1 |     5 |     6 |       ||    12
       Miscellaneous     |       |       |     2 |     7 ||     9
  Use: Potion            |       |     2 |     8 |     1 ||    11
       Scroll            |       |     1 |     3 |       ||     4

Vault maps used:
D:        sprint_v

Notes
Turn   | Place    | Note
--------------------------------------------------------------
     0 | D        | Bloax, the Spriggan Transmuter, began the quest for the Orb.
     0 | D        | Reached XP level 1. HP: 10/10 MP: 2/2
     0 | D        | Found an ancient bone altar of Kikubaaqudgha.
     2 | D        | Found an iron altar of Okawaru.
     2 | D        | Found a basalt altar of Yredelemnul.
     6 | D        | Became a worshipper of Cheibriados the Contemplative
    29 | D        | Found a burning altar of Makhleb.
    29 | D        | Found a white marble altar of Elyvilon.
    31 | D        | Found a radiant altar of Vehumet.
    31 | D        | Found a deep blue altar of Sif Muna.
    31 | D        | Found a sparkling altar of Nemelex Xobeh.
    34 | D        | Found a bloodstained altar of Trog.
    57 | D        | Found a shimmering altar of Xom.
    58 | D        | Entered arena 1.
    58 | D        | Noticed a wight
    58 | D        | Noticed a necrophage
    60 | D        | Killed a necrophage
    60 | D        | Reached skill level 3 in Fighting
    60 | D        | Reached skill level 6 in Dodging
    60 | D        | Reached skill level 4 in Unarmed Combat
    60 | D        | Reached skill level 5 in Spellcasting
    60 | D        | Reached skill level 6 in Transmutations
    60 | D        | Reached XP level 2. HP: 14/14 MP: 4/6
    60 | D        | Reached XP level 3. HP: 18/18 MP: 6/10
    60 | D        | Reached XP level 4. HP: 23/23 MP: 7/13
    60 | D        | Killed a wight
    60 | D        | Reached skill level 7 in Dodging
    60 | D        | Reached skill level 6 in Spellcasting
    60 | D        | Reached XP level 5. HP: 27/27 MP: 8/17
    87 | D        | Entered arena 2.
    87 | D        | Noticed an iron imp
    87 | D        | Noticed a hell hound
    88 | D        | Reached skill level 10 in Invocations
    88 | D        | Reached XP level 6. HP: 31/31 MP: 7/20
    91 | D        | Killed a hell hound
    91 | D        | Reached skill level 2 in Staves
    91 | D        | Reached skill level 1 in Armour
    93 | D        | Reached skill level 8 in Dodging
    97 | D        | Killed an iron imp
   103 | D        | Entered arena 3.
   103 | D        | Noticed an orc wizard
   103 | D        | Noticed an orc wizard
   109 | D        | Killed an orc wizard
   117 | D        | Killed an orc wizard
   117 | D        | Reached skill level 3 in Staves
   119 | D        | Reached skill level 2 in Armour
   132 | D        | Got the amulet "Sanidaog" {rCorr Str-4}
   134 | D        | Entered arena 4.
   137 | D        | Acquired Cheibriados' first power
   152 | D        | Entered arena 5.
   152 | D        | Noticed a naga
   152 | D        | Noticed a water moccasin
   152 | D        | Noticed a water moccasin
   163 | D        | Killed a water moccasin
   163 | D        | Reached XP level 7. HP: 16/35 MP: 22/22
   164 | D        | HP: 8/35 [naga/splash of poison (6)]
   170 | D        | Killed a water moccasin
   170 | D        | Acquired Cheibriados' second power
   170 | D        | Reached skill level 4 in Staves
   170 | D        | Reached skill level 9 in Dodging
   171 | D        | HP: 5/35 [naga/scimitar (17)]
   174 | D        | Killed a naga
   174 | D        | Reached skill level 3 in Armour
   183 | D        | Entered arena 6.
   183 | D        | Noticed a water moccasin
   183 | D        | Noticed a naga
   183 | D        | Noticed a naga
   184 | D        | Acquired Cheibriados' third power
   185 | D        | Killed a naga
   185 | D        | Reached skill level 5 in Staves
   192 | D        | Killed a water moccasin
   192 | D        | Reached skill level 10 in Dodging
   196 | D        | Killed a naga
   197 | D        | Acquired Cheibriados' fourth power
   208 | D        | Entered arena 7.
   208 | D        | Noticed a naga mage
   208 | D        | Noticed a water moccasin
   208 | D        | Noticed a water moccasin
   208 | D        | Noticed a water moccasin
   208 | D        | Noticed a naga
   209 | D        | Killed a water moccasin
   209 | D        | Reached skill level 4 in Armour
   209 | D        | Reached XP level 8. HP: 26/39 MP: 24/24
   209 | D        | Killed a water moccasin
   209 | D        | Reached skill level 6 in Staves
   209 | D        | Killed a water moccasin
   212 | D        | Killed a naga
   212 | D        | Reached skill level 11 in Dodging
   213 | D        | Killed a naga mage
   213 | D        | Reached skill level 7 in Staves
   229 | D        | Learned a level 3 spell: Regeneration
   231 | D        | Entered arena 8.
   231 | D        | Noticed a yak
   231 | D        | Noticed a komodo dragon
   231 | D        | Noticed a komodo dragon
   231 | D        | Noticed a yak
   231 | D        | Noticed a basilisk
   234 | D        | Killed a yak
   234 | D        | Reached skill level 2 in Charms
   237 | D        | Killed a komodo dragon
   237 | D        | Reached skill level 12 in Dodging
   237 | D        | Reached skill level 3 in Charms
   238 | D        | Killed a basilisk
   238 | D        | Reached skill level 8 in Staves
   238 | D        | Reached skill level 4 in Charms
   238 | D        | Reached XP level 9. HP: 33/44 MP: 14/25
   240 | D        | Killed a komodo dragon
   240 | D        | Reached skill level 5 in Charms
   241 | D        | Killed a yak
   241 | D        | Reached skill level 13 in Dodging
   241 | D        | Reached skill level 6 in Charms
   268 | D        | Learned a level 2 spell: Blink
   269 | D        | Entered arena 9.
   269 | D        | Noticed a giant amoeba
   269 | D        | Noticed a jelly
   269 | D        | Noticed a giant amoeba
   269 | D        | Paralysed by a giant eyeball for 3 turns
   273 | D        | Killed a jelly
   275 | D        | Killed a giant amoeba
   275 | D        | Reached skill level 9 in Staves
   275 | D        | Reached skill level 5 in Armour
   275 | D        | Reached skill level 3 in Translocations
   275 | D        | Reached skill level 3 in Evocations
   276 | D        | Killed a giant amoeba
   276 | D        | Reached skill level 4 in Translocations
   276 | D        | Reached skill level 4 in Evocations
   280 | D        | Paralysed by a giant eyeball for 3 turns
   299 | D        | Entered arena 10.
   299 | D        | Noticed an orc warrior
   299 | D        | Noticed an orc priest
   299 | D        | Noticed an orc priest
   299 | D        | Noticed an orc warrior
   299 | D        | Noticed an orc wizard
   299 | D        | Noticed an orc priest
   299 | D        | Noticed an orc warrior
   300 | D        | Killed an orc priest
   300 | D        | Killed an orc priest
   300 | D        | Killed an orc wizard
   300 | D        | Reached skill level 5 in Evocations
   301 | D        | Killed an orc warrior
   301 | D        | Killed an orc warrior
   301 | D        | Killed an orc priest
   304 | D        | Killed an orc warrior
   304 | D        | Reached skill level 10 in Staves
   319 | D        | Entered arena 11.
   319 | D        | Noticed a grey draconian
   319 | D        | Noticed a green draconian
   319 | D        | Noticed a yellow draconian
   319 | D        | Noticed a yellow draconian
   319 | D        | Noticed a green draconian
   319 | D        | Noticed a yellow draconian
   319 | D        | Noticed a mottled draconian
   319 | D        | Noticed a mottled draconian
   320 | D        | Noticed a red draconian
   320 | D        | Noticed a black draconian
   325 | D        | Entered arena 12.
   325 | D        | Noticed a merfolk javelineer
   325 | D        | Noticed a merfolk javelineer
   325 | D        | Noticed a mermaid
   325 | D        | Noticed an octopode
   325 | D        | Noticed a merfolk impaler
   325 | D        | Noticed a mermaid
   325 | D        | Noticed a merfolk aquamancer
   325 | D        | Noticed a manticore
   325 | D        | Noticed a merfolk
   325 | D        | Noticed a centaur
   325 | D        | Noticed a cyclops
   325 | D        | Noticed a merfolk
   325 | D        | Noticed a snapping turtle
   325 | D        | Noticed a merfolk
   325 | D        | Noticed a manticore
   325 | D        | Noticed a siren
   325 | D        | Noticed a merfolk aquamancer
   325 | D        | Noticed a merfolk javelineer
   326 | D        | Noticed a merfolk impaler
   326 | D        | Noticed a merfolk
   326 | D        | Noticed a merfolk
   327 | D        | Noticed a merfolk
   327 | D        | Noticed a merfolk
   327 | D        | Noticed a mermaid
   340 | D        | Killed a merfolk
   340 | D        | Reached skill level 6 in Armour
   340 | D        | Reached skill level 6 in Evocations
   341 | D        | Killed a mermaid
   341 | D        | Reached XP level 10. HP: 34/48 MP: 25/27
   341 | D        | Killed a centaur
   342 | D        | Killed a merfolk
   342 | D        | Reached skill level 7 in Evocations
   342 | D        | Killed a merfolk
   342 | D        | Killed a cyclops
   342 | D        | Killed a manticore
   342 | D        | Reached skill level 8 in Evocations
   343 | D        | Killed a merfolk aquamancer
   343 | D        | Reached skill level 11 in Staves
   343 | D        | Killed an octopode
   348 | D        | HP: 11/48 [merfolk impaler/trident (11)]
   348 | D        | Identified the +3,+8 hand axe "Twi Trem" {drain, rN+}
   348 | D        | Slain by a merfolk impaler

Vanquished Creatures
  2 giant amoebae (D)
  A cyclops (D)
  A mermaid (D)
  2 komodo dragons (D)
  A naga mage (D)
  A basilisk (D)
  3 merfolk (D)
  2 yaks (D)
  A necrophage (D)
  4 nagas (D)
  A hell hound (D)
  3 orc warriors (D)
  6 water moccasins (D)
  A wight (D)
  A jelly (D)
  An iron imp (D)
  3 orc priests (D)
  A sheep (D)
  3 orc wizards (D)
  6 adders (D)
  A shadow imp (D)
  A green rat (D)
  2 giant eyeballs (D)
  3 oozes (D)
  4 orcs (D)
  4 ball pythons (D)
59 creatures vanquished.

Vanquished Creatures (collateral kills)
  A centaur (D)
1 creature vanquished.

Vanquished Creatures (others)
  A merfolk aquamancer (D)
  An octopode (D)
  An air elemental (D)
  A manticore (D)
4 creatures vanquished.

Grand Total: 64 creatures vanquished
